 Dungeon Crawl Stone Soup version 0.19-a0-1626-g5215c36 (webtiles) character file.

350 jacquesderrida the Slasher (level 6, 0/30 HPs)
             Began as a Vine Stalker Skald on Sept 18, 2016.
             Succumbed to a worker ant's poison
             ... on level 4 of the Dungeon.
             The game lasted 00:05:12 (1119 turns).

jacquesderrida the Slasher (Vine Stalker Skald)     Turns: 1119, Time: 00:05:12

Health: 0/30       AC:  7    Str: 13 (14) XL:     6   Next: 60%
Magic:  5/10       EV: 10    Int: 12      God:
Gold:   151        SH:  0    Dex: 14 (16) Spells: 2 memorised, 5 levels left

rFire  . . .     SeeInvis .     c - book of Battle
rCold  . . .     Gourm    .     n - +1 ring mail {MR+}
rNeg   . . .     Faith    .     (no shield)
rPois  .         Spirit   +     t - +0 helmet
rElec  .         Dismiss  .     (no cloak)
rCorr  .         Reflect  .     (no gloves)
MR     +....     Harm     .     (no boots)
Stlth  +.........               (no amulet)
                                (no ring)
                                (no ring)

@: lethally poisoned (0 -> -3)
A: fangs 2, regeneration 1, magic shield, antimagic bite, no device heal 3, rot
immunity
a: no special abilities


You were on level 4 of the Dungeon.
You were not hungry.

You visited 1 branch of the dungeon, and saw 4 of its levels.

You collected 151 gold pieces.

Inventory:

Hand Weapons
 a - a +0 falchion
Armour
 b - a +0 leather armour
 l - a +0 scale mail
 n - a +1 ring mail of magic resistance (worn)
 t - a +0 helmet (worn)
Scrolls
 e - a scroll of teleportation {unknown}
 h - 2 scrolls of noise {unknown}
 j - a scroll of identify {unknown}
 k - a scroll of amnesia {unknown}
 m - 2 scrolls of remove curse {unknown}
 p - a scroll of immolation {unknown}
 q - a scroll of blinking {unknown}
 r - a scroll of enchant armour {unknown}
Potions
 g - 2 potions of heal wounds
Books
 c - a book of Battle (in hand)

   Spells                             Type                      Level
   a - Infusion                       Charms                       1
   b - Shroud of Golubria             Charms/Translocation         2
   c - Song of Slaying                Charms                       2
   d - Spectral Weapon                Hexes/Charms                 3
   e - Regeneration                   Charms/Necromancy            3
Comestibles
 d - a bread ration
 f - 4 fruits
 i - a meat ration
 o - a slice of pizza
 s - a chunk of flesh


   Skills:
 - Level 1.7 Fighting
 + Level 6.2 Long Blades
 - Level 0.7 Armour
 - Level 0.7 Dodging
 - Level 2.1 Spellcasting
 - Level 3.0 Charms


You had 5 spell levels left.
You knew the following spells:

 Your Spells              Type           Power        Failure   Level  Hunger
a - Infusion              Chrm           #...         17%         1    ##.....
b - Spectral Weapon       Hex/Chrm       #.......     86%         3    ####...


Dungeon Overview and Level Annotations

Branches:
Dungeon (4/15)
 Temple: D:4-7

Altars:
Dithmenos
Elyvilon
Nemelex Xobeh
Ru
Vehumet

Annotations:
D:3 Grinder


Innate Abilities, Weirdness & Mutations

You have extremely sharp teeth.
Your natural rate of healing is unusually fast.
When hurt, damage is shared between your health and your magic reserves.
Your bite disrupts and absorbs the magic of your enemies.
Potions and wands cannot restore your health.
You are immune to rotting.


Message History

You feel invigorated.
You kill the worker ant!
* * * LOW HITPOINT WARNING * * *
You feel sick.
Unknown command.
Wield which item (- for none, * to show all)? (? for menu, Esc to quit)
c - a book of Battle (in hand)
* * * LOW HITPOINT WARNING * * *
You feel sick.
You swing at nothing.
* * * LOW HITPOINT WARNING * * *
You feel sick.
You swing at nothing.
* * * LOW HITPOINT WARNING * * *
You feel sick.
You swing at nothing.
* * * LOW HITPOINT WARNING * * *
You feel sick.
You swing at nothing.
You die...

#. #....# #.###....##
#.#.......#######
#................ #
###.......#######
####.########....## #####
.........####....####....
.###..................###
#####@#####...........
#†# #.#.######## #.#
#.#.# # #.# #.#)########
#.# #.#).....(.) #.#
#.########## #.# #.# .!.
..


There were no monsters in sight!

Vanquished Creatures
  Duvessa (D:4)
  Dowan (D:4)
  An orc wizard (D:3)
  Ijyb (D:2)
  Natasha (D:2)
  A worker ant (D:4)
  A gnoll (D:1)
  4 adders
  An ooze (D:1)
  An adder skeleton (D:4)
  2 leopard geckos (D:1)
  2 orcs (D:3)
  A bat (D:1)
  A giant cockroach (D:1)
  2 goblins (D:1)
  6 hobgoblins
  3 jackals (D:4)
  4 kobolds
  4 frilled lizards
  4 rats
42 creatures vanquished.

Notes
Turn   | Place    | Note
-------+----------+-------------------------------------------
     0 | D:1      | jacquesderrida the Vine Stalker Skald began the quest for the Orb.
     0 | D:1      | Reached XP level 1. HP: 11/11 MP: 4/4
    43 | D:1      | Reached skill level 2 in Long Blades
   131 | D:1      | Reached XP level 2. HP: 15/15 MP: 4/6
   342 | D:1      | Reached skill level 3 in Long Blades
   347 | D:1      | Reached XP level 3. HP: 5/18 MP: 3/7
   558 | D:2      | Learned a level 3 spell: Spectral Weapon
   639 | D:2      | Noticed Ijyb
   641 | D:2      | Noticed Natasha
   656 | D:2      | Killed Ijyb
   656 | D:2      | Reached skill level 4 in Long Blades
   656 | D:2      | Gained mutation: Your natural rate of healing is unusually fast. [Vine Stalker growth]
   656 | D:2      | Reached XP level 4. HP: 15/23 MP: 3/8
   659 | D:2      | Killed Natasha
   762 | D:2      | Reached XP level 5. HP: 16/26 MP: 2/9
   792 | D:3      | Found a sacrificial altar of Ru.
   792 | D:3      | Found a radiant altar of Vehumet.
   803 | D:3      | Found a white marble altar of Elyvilon.
   803 | D:3      | Found a shadowy altar of Dithmenos.
   803 | D:3      | Found a sparkling altar of Nemelex Xobeh.
   877 | D:3      | Noticed Grinder
   911 | D:3      | Reached skill level 5 in Long Blades
  1010 | D:4      | Noticed Dowan
  1011 | D:4      | Noticed Duvessa
  1032 | D:4      | Killed Duvessa
  1032 | D:4      | Reached XP level 6. HP: 18/30 MP: 10/10
  1056 | D:4      | Killed Dowan
  1056 | D:4      | Reached skill level 6 in Long Blades
  1117 | D:4      | HP: 1/30 [poisoned by a worker ant]
  1119 | D:4      | Succumbed to a worker ant's poison

Vault maps used:
D:1:      lightli_arrival_quake, minivault_14, nrook_uturn
D:2:      st_stairs_4, uniq_iyjb, uniq_natasha
D:3:      grunt_temple_overflow_gold_and_silver, gammafunk_temple_overflow_wave,
          gammafunk_temple_overflow_claw, first_bread, okawaru_trees_1,
          uniq_grinder, uniq_crazy_yiuf_cottage
D:4:      uniq_duvessa

Skill      XL: |  1  2  3  4  5  6 |
---------------+-------------------+-----
Long Blades    | 2 3 4 5 6 |  6.2
Fighting       | |  1.7
Armour         | |  0.7
Dodging        | |  0.7
Spellcasting   | |  2.1
Charms         | |  3.0

Action                   |  1- 3 |  4- 6 || total
-------------------------+-------+-------++-------
Melee: Falchion          |    86 |   104 ||   190
       Bite              |    23 |    22 ||    45
 Cast: Infusion          |     2 |     2 ||     4
  Use: Potion            |       |     4 ||     4
  Eat: Chunk             |       |     1 ||     1
Armor: Leather armour    |     5 |       ||     5
       Scale mail        |     7 |       ||     7
       Ring mail         |    19 |    30 ||    49
Dodge: Dodged            |    32 |    40 ||    72
